 Dungeon Crawl Stone Soup version 0.22-a0-407-gb098539 (webtiles) character file.

3063 dstrtnsr the Cleaver (level 9, -16/82 HPs)
             Began as a Hill Orc Berserker on May 9, 2018.
             Was an Elder of Trog.
             Killed from afar by a rakshasa (illusionary) (19 damage)
             ... with an orb of energy
             ... on level 11 of the Dungeon.
             The game lasted 00:05:49 (4645 turns).

dstrtnsr the Cleaver (Hill Orc Berserker)           Turns: 4645, Time: 00:05:50

Health: -16/82     AC: 14    Str: 23    XL:     9   Next: 88%
Magic:  9/9        EV:  6    Int:  7    God:    Trog [****..]
Gold:   293        SH: 12    Dex:  8    Spells: 8/8 levels left

rFire    . . .     SeeInvis .   a - +0 hand axe
rCold    . . .     Gourm    .   b - +2 shield
rNeg     . . .     Faith    +   i - +0 chain mail (curse)
rPois    .         Spirit   .   t - -1 helmet (curse)
rElec    .         Reflect  .   y - +0 cloak
rCorr    +         Harm     .   c - +2 pair of gloves
MR       .....                  k - +0 pair of boots
Stlth    ..........             r - amulet of faith
HPRegen  0.23/turn              o - ring of resist corrosion
MPRegen  0.11/turn              f - -2 ring of dexterity (curse)

@: berserk cooldown, very slightly contaminated, slowed, very slow
A: no striking features
a: Berserk, Trog's Hand, Brothers in Arms, Renounce Religion


You were on level 11 of the Dungeon.
You worshipped Trog.
Trog was greatly pleased with you.
You were very hungry.

You visited 1 branch of the dungeon, and saw 9 of its levels.

You collected 293 gold pieces.

Inventory:

Hand Weapons
 a - a +0 hand axe (weapon)
Missiles
 x - 2 throwing nets (quivered)
Armour
 b - a +2 shield (worn)
 c - a +2 pair of gloves (worn)
 i - a cursed +0 chain mail (worn)
 k - a +0 pair of boots (worn)
 q - a +2 hat
 t - a cursed -1 helmet (worn)
 v - a +0 plate armour
 y - a +0 cloak (worn)
Jewellery
 f - a cursed -2 ring of dexterity (right hand)
 o - a ring of resist corrosion (left hand)
 r - an amulet of faith (around neck)
 w - a cursed ring of loudness {unknown}
Wands
 E - a wand of enslavement (14)
Scrolls
 n - a scroll of fear {unknown}
 s - 3 scrolls of fog
 z - a scroll of vulnerability {unknown}
Potions
 g - a potion of might
 h - a potion of degeneration {unknown}
 j - 3 potions of curing {@q1}
 l - 3 potions of heal wounds
 m - 2 potions of haste
 u - a potion of agility
Comestibles
 e - 7 rations {!d}
 p - 10 chunks of flesh


   Skills:
 + Level 8.9 Fighting
 * Level 12.7 Axes
 - Level 2.1 Armour
 - Level 1.5 Dodging
 + Level 7.0 Shields


You had 8 spell levels left.
You didn't know any spells.

Dungeon Overview and Level Annotations

Branches:
Dungeon (8/15)             Temple (0/1) D:6
   Lair: D:8-11

Altars:
Ashenzari
Cheibriados
Nemelex Xobeh
Uskayaw
Vehumet
Zin

Portals:
Labyrinth: D:11
Sewer: D:5

Annotations:
D:6 Prince Ribbit


Message History

The rakshasa hits you with a long sword!
The rakshasa hits you with a long sword.
You miss the rakshasa.
The rakshasa is heavily wounded.
You slash the rakshasa! You closely miss the rakshasa. You hit the rakshasa.
The rakshasa is heavily wounded.
Your shield and chain mail prevent you from hitting the rakshasa.
You miss the rakshasa.
The rakshasa hits you but does no damage. x2
The rakshasa barely misses you.
You slash the rakshasa!
The rakshasa is severely wounded.
You closely miss the rakshasa. x2
A bullfrog comes into view.
The bullfrog croaks.
You slash the rakshasa!
The rakshasa is severely wounded.
You hit the rakshasa. You miss the rakshasa.
You hear two shouts!
You block the rakshasa's attack.
You miss the rakshasa.
The rakshasa is severely wounded.
You hit the rakshasa. You barely miss the rakshasa.
The rakshasa blinks!
The rakshasa hits you with a long sword!
You hit the rakshasa.
The rakshasa is severely wounded.
Your chain mail prevents you from hitting the rakshasa.
You barely miss the rakshasa.
The rakshasa is severely wounded.
You closely miss the rakshasa.
The rakshasa hits you but does no damage. x2
Your chain mail prevents you from hitting the rakshasa.
The rakshasa is severely wounded.
You hit the bullfrog. You slash the rakshasa! You hit the rakshasa.
The rakshasa is severely wounded.
You barely miss the rakshasa. You hit the bullfrog.
You block the bullfrog's attack.
The rakshasa weaves an illusion.
The bullfrog shimmers and seems to become two!
You barely miss the rakshasa.
The rakshasa is severely wounded.
Your chain mail prevents you from hitting the rakshasa.
You hit the bullfrog.
You are no longer berserk.
Trog's vigour flows through your veins.
You are exhausted.
You feel yourself slow down.
The rakshasa hits you but does no damage.
You hit the rakshasa.
The rakshasa is severely wounded.
Your shield and chain mail prevent you from hitting the rakshasa.
You hit the bullfrog. You block the bullfrog's attack.
You block the rakshasa's attack.
The bullfrog hits you but does no damage.
The rakshasa hits you with a long sword!
A two-headed ogre comes into view. It is wielding two giant clubs.
You hit the rakshasa but do no damage.
The rakshasa is severely wounded.
You miss the rakshasa. You slash the bullfrog! You barely miss the bullfrog.
The bullfrog closely misses you.
The bullfrog hits you but does no damage.
You block the rakshasa's attack.
The bullfrog hits you but does no damage.
You block the rakshasa's attack.
You closely miss the rakshasa.
The rakshasa is severely wounded.
You slash the bullfrog!
You kill the bullfrog!
Trog accepts your kill.
Your shield and chain mail prevent you from hitting the bullfrog.
You hit the rakshasa. You block the bullfrog's attack. x2
The rakshasa weaves an illusion.
The two-headed ogre shimmers and seems to become two!
The rakshasa hits you with a long sword!
You barely miss the rakshasa.
The rakshasa is severely wounded.
You closely miss the bullfrog. You miss the rakshasa.
You closely miss the rakshasa.
The rakshasa hits you with a long sword.
The rakshasa hits you but does no damage.
The rakshasa hits you with a long sword!
* * * LOW HITPOINT WARNING * * *
Unknown command.
Blink to where?
Press: ? - help, Dir - move target cursor You are very lightly contaminated with residual magic.
As you read the scroll of blinking, it crumbles to dust.
The rakshasa gestures at you. The orb of energy hits you!
* * * LOW HITPOINT WARNING * * *
The orb of energy explodes!
Unknown command.
You open the door.
The rakshasa blinks!
There is an open door here.
The rakshasa blinks!
The rakshasa gestures at you. The orb of energy hits you!
You die...

########## #.## ###
#........######.#.....
#.......>'............
#........##.#.∩.......
#.....÷..##.#.#.#...
####.....##÷# ...F#
#.....##.###.#O#
#....@##.#...#.###.###
#...:.'..R.O.†........
#.....##.#.###.###.###
########.#.# #.# #.#.#
#.. #.#.# #... #.#.#
#.... #.#.. ......
#.##. .......


You could see a rakshasa and a two-headed ogre.

Vanquished Creatures
  Pikel (D:6)
  The ghost of Ijustatesigmund the Sneak, an amateur OpAr (D:4)
  A hippogriff (D:11)
  Sigmund (D:3)
  Menkaure (D:6)
  A sky beast (D:7)
  An ice beast (D:6)
  2 centaurs
  2 ogres
  2 bullfrogs
  2 scorpions (D:5)
  7 killer bees (D:8)
  A centaur zombie (D:7)
  3 crimson imps
  4 hounds
  A jelly (D:8)
  A bullfrog zombie (D:5)
  A centaur skeleton (D:6)
  3 orc wizards
  2 orc priests (D:6)
  Natasha (twice) (D:3)
  An iguana (D:11)
  Terence (D:3)
  2 worker ants
  Robin (D:3)
  4 gnolls (D:7)
  7 adders
  An adder skeleton (D:4)
  7 worms
  A dart slug (D:1)
  3 leopard geckos
  17 orcs
  8 bats
  3 giant cockroaches
  10 hobgoblins
  4 jackals (D:4)
  3 quokkas
  3 ball pythons
  2 frilled lizards
  A giant cockroach zombie (D:6)
  17 goblins
  A jackal zombie (D:6)
  2 kobolds (D:3)
  A leopard gecko skeleton (D:4)
  A quokka skeleton (D:5)
  4 rats
145 creatures vanquished.

Vanquished Creatures (collateral kills)
  A killer bee (D:7)
1 creature vanquished.

Vanquished Creatures (others)
  2 slaves (D:6)
  A crimson imp (D:6)
  3 orcs (D:6)
6 creatures vanquished.

Grand Total: 152 creatures vanquished

Notes
Turn   | Place    | Note
-------+----------+-------------------------------------------
     0 | D:1      | dstrtnsr the Hill Orc Berserker began the quest for the Orb.
     0 | D:1      | Reached XP level 1. HP: 19/19 MP: 1/1
   117 | D:1      | Reached XP level 2. HP: 27/27 MP: 2/2
   517 | D:2      | Found a hide-covered altar of Uskayaw.
   531 | D:2      | Found a shattered altar of Ashenzari.
   547 | D:2      | Found a radiant altar of Vehumet.
   550 | D:2      | Found a glowing silver altar of Zin.
   656 | D:2      | Reached skill level 5 in Axes
   656 | D:2      | Reached XP level 3. HP: 33/33 MP: 3/3
   818 | D:2      | Found a sparkling altar of Nemelex Xobeh.
   931 | D:2      | Found a snail-covered altar of Cheibriados.
  1127 | D:3      | Reached skill level 1 in Shields
  1135 | D:3      | Noticed Terence
  1135 | D:3      | Reached ** piety under Trog
  1136 | D:3      | Reached XP level 4. HP: 41/41 MP: 4/4
  1138 | D:3      | Killed Terence
  1339 | D:3      | Reached skill level 6 in Axes
  1342 | D:3      | Noticed Sigmund
  1349 | D:3      | Killed Sigmund
  1349 | D:3      | Reached skill level 5 in Fighting
  1349 | D:3      | Reached skill level 7 in Axes
  1349 | D:3      | Reached XP level 5. HP: 48/48 MP: 5/5
  1349 | D:3      | Reached XP level 6. HP: 56/56 MP: 6/6
  1399 | D:3      | Noticed Natasha
  1405 | D:3      | Killed Natasha
  1476 | D:3      | Noticed Natasha
  1480 | D:3      | Killed Natasha
  1495 | D:3      | Noticed Robin
  1506 | D:3      | Killed Robin
  1715 | D:4      | Noticed Ijustatesigmund's ghost (amateur OpAr)
  1735 | D:4      | Killed Ijustatesigmund's ghost
  1735 | D:4      | Reached skill level 8 in Axes
  1735 | D:4      | Reached XP level 7. HP: 62/62 MP: 7/7
  2000 | D:4      | Reached *** piety under Trog
  2373 | D:5      | Entered Level 5 of the Dungeon
  2432 | D:5      | Found a glowing drain.
  2530 | D:5      | Reached skill level 9 in Axes
  2684 | D:5      | Reached XP level 8. HP: 71/71 MP: 8/8
  2732 | D:6      | Noticed Menkaure
  2741 | D:6      | Killed Menkaure
  2838 | D:6      | Noticed Pikel
  2868 | D:6      | Killed Pikel
  2868 | D:6      | Reached skill level 10 in Axes
  2868 | D:6      | Reached skill level 5 in Shields
  2938 | D:6      | Found a staircase to the Ecumenical Temple.
  2991 | D:6      | Noticed Prince Ribbit
  3038 | D:6      | Reached skill level 11 in Axes
  3038 | D:6      | Reached XP level 9. HP: 48/79 MP: 9/9
  3522 | D:7      | Reached **** piety under Trog
  4098 | D:8      | Reached skill level 12 in Axes
  4125 | D:8      | Noticed a queen bee
  4129 | D:8      | HP: 32/82 [poisoned by a killer bee]
  4132 | D:8      | HP: 14/82 [killer bee (7)]
  4137 | D:7      | HP: 9/82 [poisoned by a killer bee]
  4143 | D:7      | HP: 16/82 [poisoned by a killer bee]
  4149 | D:7      | HP: 23/82 [poisoned by a killer bee]
  4157 | D:7      | HP: 31/82 [poisoned by a killer bee]
  4542 | D:8      | You fall through a shaft for 3 floors!
  4572 | D:11     | Found a labyrinth entrance.
  4613 | D:11     | Noticed a rakshasa
  4639 | D:11     | Noticed a two-headed ogre
  4640 | D:11     | HP: 31/82 [rakshasa (illusionary)/long sword (16)]
  4642 | D:11     | HP: 2/82 [rakshasa (illusionary)/orb of energy (16)]
  4645 | D:11     | Killed from afar by a rakshasa (illusionary)

Vault maps used:
D:1:      dpeg_arrival_round_c, st_stairs_13
D:2:      nicolae_overflow_crystal_walls, lemuel_coloured_pillars_altar,
          grunt_temple_overflow_cloverleaf
D:3:      first_ration, uniq_sigmund, uniq_terence, uniq_natasha, uniq_robin
D:4:      minmay_vboxes
D:5:      cheibrodos_sewer_entry_sluice
D:6:      temple_doors_e, uniq_prince_ribbit1, uniq_pikel, uniq_menkaure
D:8:      chequers_temple_overflow_statue_of_worship, david_nohive_1
D:11:     lab_entry_generic

Skill      XL: |  1  2  3  4  5  6  7  8  9 |
---------------+----------------------------+-----
Fighting       | 4 5 6 7 8 |  8.9
Axes           | 5 7 8 9 11 12 | 12.7
Shields        | 1 2 3 4 5 7 |  7.0
Armour         | |  2.1
Dodging        | |  1.5

Action                   |  1- 3 |  4- 6 |  7- 9 || total
-------------------------+-------+-------+-------++-------
Melee: Hand axe          |    79 |   106 |   394 ||   579
Invok: Berserk           |     3 |     4 |    10 ||    17
       Trog's Hand       |       |     1 |     2 ||     3
       Brothers in Arms  |       |       |     1 ||     1
  Use: Scroll            |       |     1 |    13 ||    14
  Eat: Chunk             |     3 |     5 |    13 ||    21
       Ration            |       |       |     2 ||     2
Armor: Animal skin       |     6 |       |       ||     6
       Ring mail         |    30 |    10 |       ||    40
       Chain mail        |       |    29 |   127 ||   156
Dodge: Dodged            |    37 |    21 |    71 ||   129
Block: Shield            |    35 |    49 |   215 ||   299

Table legend:
 A = Spawn XP
 B = Non-spawn XP
 C = Spawn XP percentage of total XP
 D = Spawn monster count
 E = Non-spawn monster count
 F = Spawn count percentage of total count
 G = Total turns spent on level
                    A         B        C        D         E        F      G
               +---------+---------+-------+---------+---------+-------+---------
         Total |       0 |    4376 |   0.0 |       0 |     146 |   0.0 |  4645
               +---------+---------+-------+---------+---------+-------+---------
           D:1 |       0 |      21 |   0.0 |       0 |      11 |   0.0 |   271
           D:2 |       0 |      52 |   0.0 |       0 |      15 |   0.0 |   855
           D:3 |       0 |     463 |   0.0 |       0 |      37 |   0.0 |   551
           D:4 |       0 |     457 |   0.0 |       0 |      24 |   0.0 |   696
           D:5 |       0 |     251 |   0.0 |       0 |      10 |   0.0 |   359
           D:6 |       0 |    1389 |   0.0 |       0 |      18 |   0.0 |   624
           D:7 |       0 |     747 |   0.0 |       0 |      18 |   0.0 |  1070
           D:8 |       0 |     588 |   0.0 |       0 |       9 |   0.0 |   116
          D:11 |       0 |     408 |   0.0 |       0 |       4 |   0.0 |   103
               +---------+---------+-------+---------+---------+-------+---------
